 Dungeon Crawl Stone Soup version 0.30-a0-847-g17996783a1 (webtiles) character file.

Game seed: 17767640610546303795

1943399 Monkooky the Grand Master (level 24, 194/194 (202) HPs)
             Began as a Vampire Delver on Mar 3, 2023.
             Was the Champion of Ru.
             Escaped with the Orb
             ... and 3 runes!
             The game lasted 03:12:58 (49569 turns).

Monkooky the Grand Master (Vampire Delver)         Turns: 49569, Time: 03:12:59

HP:   194/194 (202) AC: 19    Str: 15    XL:     24   Next: 98%
MP:   37/37         EV: 40    Int: 18    God:    Ru [******]
Gold: 2688          SH:  0    Dex: 17    Spells: 6/43 levels left

rFire   . . .      SeeInvis +    u - melded staff of air
rCold   . . .      Faith    .    (shield unavailable)
rNeg    . . .      Spirit   .    v - melded +0 leather armour of Decompression {Int+6}
rPois   ∞          Reflect  .    y - melded +1 helmet {Int+3}
rElec   +          Rampage  .    K - melded +2 cloak
rCorr   .                        H - melded +0 pair of gloves of Usuit {Int+2}
Will    ++...                    n - melded +2 pair of boots Stlth
                                 P - amulet of Vitality {RegenMP++ Regen++}
HPRegen 2.32/turn                (ring unavailable)
MPRegen 1.05/turn                Z - ring of the Hare {EV+10}

@: storm-form, flying, healing quickly, hasted (expiring), studying 2 skills,
lightly drained, very quick
A: cleaving, insubstantial, flying, alive, (fangs 3), see invisible, no potion
heal 1, inability to drink after injury 2, missing a hand, no stealth, hated by
all, vampiric 2, deterioration 1, subdued magic 1
0: Orb of Zot
}: 3/15 runes: serpentine, barnacled, silver
a: Exsanguinate, Blinkbolt, End Transformation, Renounce Religion, Draw Out
Power, Power Leap, Apocalypse


You escaped.
You worshipped Ru.
Ru was exalted by your worship.
You were a lightning-filled tempest!
You visited 9 branches of the dungeon, and saw 47 of its levels.
You also visited: Trove, Ossuary, Bailey and Ice Cave.

You collected 7225 gold pieces.
You spent 4537 gold pieces at shops.

Inventory:

Missiles
 b - 10 curare-tipped darts
 j - 4 throwing nets
 Q - 27 javelins
 R - 48 poisoned darts
Armour
 n - a +2 pair of boots (melded)
 v - the +0 leather armour of Decompression (melded) {Int+6}
   (You found it on level 3 of the Lair of Beasts)

   Int:       It affects your intelligence (+6).
 y - a +1 helmet of intelligence (melded)
 H - the +0 pair of gloves of Usuit (melded) {Int+2}
   (You found it on level 5 of the Vaults)

   Int:       It affects your intelligence (+2).
 K - a +2 cloak (melded)
Magical Staves
 u - a staff of air (melded)
Jewellery
 B - the ring of Temptation {rPois rF++ Will- rCorr MP+9}
   (You found it in a treasure trove)

   [ring of magical power]

   rF:        It greatly protects you from fire.
   rPois:     It protects you from poison.
   MP:        It affects your magic capacity (+9).
   rCorr:     It protects you from acid and corrosion.
   Will:      It decreases your willpower.
 E - the ring "Degayph" {rCorr Str+4 Dex+3}
   (You found it in a treasure trove)

   [ring of resist corrosion]

   Str:       It affects your strength (+4).
   Dex:       It affects your dexterity (+3).
   rCorr:     It protects you from acid and corrosion.
 J - a +6 ring of intelligence
 M - the ring of Jizije {Wiz rElec rN+ Dex-5}
   (You found it on level 3 of the Snake Pit)

   [ring of wizardry]

   It improves your spell success rate.
   Dex:       It affects your dexterity (-5).
   rElec:     It insulates you from electricity.
   rN:        It protects you from negative energy.
 N - the ring of Guufiala {MP+9 Dex+6 Stlth-}
   (You found it in a treasure trove)

   [ring of magical power]

   Dex:       It affects your dexterity (+6).
   MP:        It affects your magic capacity (+9).
   Stlth:     It makes you less stealthy.
 P - the amulet of Vitality (around neck) {RegenMP++ Regen++}
   (You took it off a deep elf annihilator on level 3 of the Elven Halls)

   [amulet of magic regeneration]

   It increases your rate of magic regeneration.
   Regen:     It increases your rate of health regeneration.
 S - a ring of willpower
 Y - a ring of ice
 Z - the ring of the Hare (right fist) {EV+10}
   (You found it in a treasure trove)

   [ring of evasion]

   EV:        It affects your evasion (+10).
Wands
 i - a wand of mindburst (19)
 D - a wand of roots (35)
 G - a wand of flame (92)
 T - a wand of acid (8)
 W - a wand of polymorph (5)
Scrolls
 c - 10 scrolls of fog
 e - 8 scrolls of fear
 k - 30 scrolls of teleportation
 o - 6 scrolls of poison
 r - 8 scrolls of silence
 x - 11 scrolls of immolation
 I - 9 scrolls of vulnerability
 O - 7 scrolls of amnesia
 X - 3 scrolls of blinking
Potions
 f - 4 potions of haste
 h - 8 potions of lignification
 l - 5 potions of heal wounds
 m - 8 potions of attraction
 p - 14 potions of mutation
 q - 7 potions of cancellation
 s - 6 potions of flight
 w - 6 potions of invisibility
 z - 5 potions of resistance
 A - 36 potions of curing
 C - 8 potions of brilliance
 F - 4 potions of magic
 L - 3 potions of berserk rage
 U - 8 potions of ambrosia
 V - 10 potions of might
Miscellaneous
 a - a phial of floods
 t - a condenser vane


   Skills:
 - Level 19.6 Fighting
 - Level 2.5 Short Blades
 - Level 6.0 Throwing
 - Level 4.7 Armour
 * Level 14.4 Dodging
 O Level 27 Unarmed Combat
 - Level 10.0 Spellcasting
 - Level 2.9 Translocations
 - Level 20.8 Transmutations
 - Level 18.8 Air Magic
 - Level 8.1 Earth Magic
 - Level 8.0 Evocations


You had 6 spell levels left.
You knew the following spells:

 Your Spells              Type           Power      Damage    Failure   Level
a - Passwall              Tmut/Erth      39%        N/A       0%          2
b - Statue Form           Tmut/Erth      31%        N/A       2%          6
c - Vhi's Electric Charg  Tloc/Air       74%        N/A       1%          3
d - Yara's Violent Unrav  Hex/Tmut       17%        3d8       2%          5
e - Dragon Form           Tmut           29%        N/A       1%          7
f - Wereblood             Tmut           59%        N/A       0%          2
g - Irradiate             Conj/Tmut      17%        3d17      2%          5
h - Storm Form            Tmut/Air       29%        N/A       1%          7

Your spell library contained the following spells:

 Spells                   Type           Power      Damage    Failure   Level
 Beastly Appendage        Tmut           100%       N/A       0%          1
 Apportation              Tloc           30%        N/A       1%          1
 Sting                    Tmut/Pois      100%       1d8       1%          1
 Cigotuvi's Dreadful Rot  Necr/Pois/Air  48%        N/A       1%          2
 Poisonous Vapours        Pois/Air       66%        N/A       1%          2
 Static Discharge         Conj/Air       66%        2-5/arc   1%          2
 Ignite Poison            Fire/Tmut/Pois 26%        N/A       1%          3
 Kindle Blastsparks       Fire/Tloc/Air  54%        2d14      1%          3
 Spider Form              Tmut/Pois      35%        N/A       1%          3
 Ice Form                 Ice/Tmut       35%        N/A       1%          4
 Petrify                  Tmut/Erth      47%        N/A       1%          4
 Blade Hands              Tmut           29%        N/A       1%          5
 Blink                    Tloc           30%        N/A       2%          2
 Lesser Beckoning         Tloc           30%        N/A       2%          2
 Alistair's Intoxication  Tmut/Pois      23%        N/A       2%          5
 Stone Arrow              Conj/Erth      36%        3d9       3%          3
 Arcjolt                  Conj/Air       16%        1d26      3%          5
 Lightning Bolt           Conj/Air       16%        1d30      3%          5
 Silence                  Hex/Air        16%        N/A       3%          5
 Gell's Gravitas          Tloc           15%        N/A       5%          3
 Teleport Other           Tloc           15%        N/A       5%          3
 Foxfire                  Conj/Fire      24%        2x1d5     6%          1
 Freeze                   Ice            24%        1d4       6%          1
 Kiss of Death            Conj/Necr      24%        2d7       6%          1
 Necrotise                Necr           24%        1d5       6%          1
 Lee's Rapid Deconstruct  Erth           14%        3d9*      6%          5
 Ensorcelled Hibernation  Hex/Ice        12%        N/A       10%         2
 Scorch                   Fire           12%        2d6       10%         2
 Sublimation of Blood     Necr           6%         N/A       10%         2
 Leda's Liquefaction      Hex/Erth       9%         N/A       13%         4
 Eringya's Noxious Bog    Tmut/Pois      17%        N/A       14%         6
 Confusing Touch          Hex            6%         N/A       21%         3
 Dazzling Flash           Conj/Hex       12%        N/A       21%         3
 Hailstorm                Conj/Ice       6%         3d4       21%         3
 Inner Flame              Hex/Fire       6%         N/A       21%         3
 Ozocubu's Armour         Ice            6%         N/A       21%         3
 Vampiric Draining        Necr           6%         2d6       21%         3
 Manifold Assault         Tloc           15%        N/A       21%         4
 Passage of Golubria      Tloc           15%        N/A       21%         4
 Iskenderun's Mystic Bla  Conj/Tloc      11%        2d4       36%         4
 Anguish                  Hex/Necr       3%         N/A       56%         4
 Cause Fear               Hex            3%         N/A       56%         4
 Dispel Undead            Necr           6%         3d8       56%         4
 Flame Wave               Conj/Fire      6%         2d5       56%         4
 Olgreb's Toxic Radiance  Pois           6%         N/A       56%         4
 Sticky Flame             Conj/Fire      6%         2d3       56%         4
 Fireball                 Conj/Fire      3%         3d4       89%         5
 Metabolic Englaciation   Hex/Ice        3%         N/A       89%         5
 Iron Shot                Conj/Erth      9%         9d3       91%         6
 Orb of Destruction       Conj           3%         9d5       100%        7
 Ozocubu's Refrigeration  Ice            3%         4d8       100%        7
 Discord                  Hex            3%         N/A       100%        8
 Ignition                 Fire           3%         3d4       100%        8
 Lehudib's Crystal Spear  Conj/Erth      9%         10d4      100%        8
 Chain Lightning          Conj/Air       16%        3d22      100%        9
 Shatter                  Erth           14%        3d14*     100%        9
 Summon Lightning Spire   Summ/Air       Unusable   N/A       N/A         4
 Summon Small Mammal      Summ           Unusable   N/A       N/A         1
 Animate Armour           Summ/Erth      Unusable   N/A       N/A         4
 Summon Guardian Golem    Hex/Summ       Unusable   N/A       N/A         3
 Tukima's Dance           Hex            Unusable   N/A       N/A         3
 Animate Dead             Necr           Unusable   N/A       N/A         4
 Summon Forest            Summ/Tloc      Unusable   N/A       N/A         5
 Death Channel            Necr           Unusable   N/A       N/A         6
 Simulacrum               Ice/Necr       Unusable   N/A       N/A         6
 Summon Cactus Giant      Summ           Unusable   N/A       N/A         6
 Monstrous Menagerie      Summ           Unusable   N/A       N/A         7
 Spellforged Servitor     Conj/Summ      Unusable   N/A       N/A         7
 Summon Hydra             Summ           Unusable   N/A       N/A         7
 Necromutation            Tmut/Necr      Unusable   N/A       N/A         8
 Dragon's Call            Summ           Unusable   N/A       N/A         9

Dungeon Overview and Level Annotations

Branches:
Dungeon (15/15)            Temple (0/1) D:6            Lair (5/5) D:9
 Shoals (4/4) Lair:2        Snake (4/4) Lair:3        Slime (0/5) Lair:4
    Orc (2/2) D:11            Elf (3/3) Orc:2        Vaults (5/5) D:13
  Crypt (0/3) Vaults:3     Depths (4/4) D:15            Zot (5/5) Depths:4
Ossuary (visited)          Bailey (visited)           IceCv (visited)

Altars:
Dithmenos
Gozag
Kikubaaqudgha
Makhleb
Nemelex Xobeh
Okawaru
Qazlal
Ru
Sif Muna
Trog
Uskayaw
Xom

Shops:
D:11 *:   D:13 :   D:15 *   Orc:1 =   Orc:2 *[?[   Elf:2 (   Shoals:1 =
Shoals:2 :   Shoals:4 :*   Snake:4 ==:   Vaults:4 =

Portals:
Hell: Depths:1 Depths:2 Depths:4
Abyss: Depths:4
Pandemonium: Depths:2
Ziggurat: Depths:1

Annotations:
D:6 exclusion: 2 downstairs
D:7 3 runed translucent doors, demibob's ghost, novice DsGl
D:11 exclusion: downstairs
Lair:1 1 runed translucent door, Akefehecvi's ghost, journeyman OpDe
Lair:5 2 runed translucent doors
Elf:2 2 transporters, 3 runed translucent doors, sirJeffrey23's ghost, journeyman DrEE


Innate Abilities, Weirdness & Mutations

You are a lightning-filled tempest!
Your electrical attacks strike out in all directions at once.
You are incredibly evasive.
Your insubstantial body is immune to petrification, constriction, and being set on fire You are flying.
You are immune to poison.
Your armour is entirely melded.
You are incapable of wielding weapons or throwing items.
Your natural rate of healing is accelerated.
((You have razor-sharp teeth.))
You have supernaturally acute eyesight. (SInv)
Potions are less effective at restoring your health.
You sometimes lose the ability to drink potions when taking damage.
You are missing a hand.
You cannot be stealthy.
You are hated by all.
You are afflicted with vampirism and can become a bat while bloodless.
Your body sometimes deteriorates upon taking damage.
Your spells are a little easier to cast, but a little less powerful.


Message History

You fly upwards.
There is a stone staircase leading down here.
(D) Dungeon (T) Temple (L) Lair (A) Shoals (P) Snake Pit (M) Slime Pits (O) Orcish Mines (E) Elven Halls (V) Vaults (C) Crypt (U) Depths (H) Hell (Z) Zot
Where to? (Enter - D:1, ? - help)
Okay, then.
(D) Dungeon (T) Temple (L) Lair (A) Shoals (P) Snake Pit (M) Slime Pits (O) Orcish Mines (E) Elven Halls (V) Vaults (C) Crypt (U) Depths (H) Hell (Z) Zot
Where to? (Enter - D:1, ? - help)
An Ice Fiend comes into view.
You feel yourself slow down.
The Ice Fiend moves out of view.
There is a stone staircase leading up here.
You fly upwards.
There is a stone staircase leading down here.
(D) Dungeon (T) Temple (L) Lair (A) Shoals (P) Snake Pit (M) Slime Pits (O) Orcish Mines (E) Elven Halls (V) Vaults (C) Crypt (U) Depths (H) Hell (Z) Zot
Where to? (Enter - D:1, ? - help)
You feel energetic enough to blinkbolt again.
A reaper and a sun demon come into view.
The reaper is wielding a +3 vampiric scythe.
The sun demon shouts!
A large abomination comes into view.
Mufennor comes into view.
You feel yourself speed up.
Mufennor gestures.
Things that are here:
4 stones; a +0 club
There is a stone staircase leading down here.
There is a stone staircase leading up here.
You fly upwards.
There is a stone staircase leading down here.
Aiming: Dig
Press: ? - help, Shift-Dir - straight line A rock wall.
This square is covered in magical glow.
The rock shatters into small pieces.
The now-empty wand crumbles to dust.
A green death comes into view.
The green death gestures at you. The poison arrow hits you!
You partially resist.
Your extra speed is starting to run out.
There is an open door here.
There is a staircase leading out of the dungeon here.
You have escaped!

#..#...P.P..#..#.......♣#
#..#8.P...P.#..#.......♣
#..#.P...P.8#..#......♣♣
#..#....P...#..#.....♣♣
#..#........#..#...♣♣♣
##'#........##'#..♣♣
##..##########..##♣♣
#[...#......'....#
#....'......#...v#
##..##########..## ####
####


There were no monsters in sight!

Vanquished Creatures
  3 dread liches
  2 ancient liches
  An orb of fire (Zot:5)
  Vashnia (Snake:2)
  Bai Suzhen (Elf:3)
  Saint Roka (Elf:3)
  A curse toe (Zot:2)
  A Killer Klown (Zot:5)
  2 golden dragons
  8 caustic shrikes (Depths:4)
  A bone dragon (Elf:2)
  Nikola (Elf:3)
  Jorgrun (Snake:1)
  6 tentacled monstrosities
  An Ice Fiend (Depths:1)
  16 Orb Guardians
  Rupert (Lair:5)
  2 Hell Sentinels
  Mlioglotl (Snake:4)
  3 deep elf master archers (Elf:3)
  5 titans (Vaults:5)
  3 quicksilver dragons
  3 sphinxes
  An Executioner (Depths:4)
  7 shadow dragons
  4 death cobs
  The ghost of Qofeek the Fighter, an adept OpVM of Vehumet (Snake:3)
  5 storm dragons
  6 draconian monks
  4 tengu reavers
  5 nagarajas
  Ilsuiw (Shoals:3)
  4 azure jellies (Lair:5)
  8 deep elf sorcerers
  3 draconian knights (Zot:2)
  A demonspawn warmonger (Depths:4)
  2 iron dragons
  A fenstrider witch (D:13)
  4 spectral caustic shrikes (Depths:1)
  11 fire giants
  An orc warlord (Orc:2)
  A ghost moth (Zot:4)
  11 frost giants
  22 vault wardens
  3 draconian scorchers
  2 draconian stormcallers
  Aizul (Snake:4)
  18 ironbound preservers
  3 war gargoyles
  A demonspawn corrupter (Depths:4)
  4 draconian annihilators
  7 deep elf elementalists
  18 stone giants
  32 very ugly things
  9 ironbound thunderhulks
  2 green draconians
  2 vampire knights
  8 black draconians
  6 red draconians
  3 dire elephants (Vaults:2)
  2 pale draconians (Depths:4)
  4 purple draconians
  10 deep elf annihilators
  9 deep elf demonologists
  A spark wasp (Depths:2)
  8 yellow draconians
  5 white draconians
  4 ettins
  5 deep elf death magi
  12 merfolk impalers
  6 fire dragons
  11 deep elf high priests
  6 merfolk javelineers (Shoals:4)
  5 great orbs of eyes
  10 yaktaur captains
  4 salamander tyrants
  A peacekeeper (Vaults:3)
  An ice dragon (shapeshifter) (Vaults:2)
  3 hydras
  6 spriggan air magi
  46 vault guards
  4 ogre magi
  4 ice dragons
  3 ghost crabs (Elf:2)
  13 ironbound frosthearts
  4 merfolk avatars
  2 catoblepae (Lair:1)
  6 centaur warriors
  A rakshasa (Depths:1)
  12 anacondas
  4 boulder beetles
  A satyr (Shoals:4)
  3 merfolk aquamancers (Shoals:4)
  4 alligator snapping turtles (Shoals:4)
  7 two-headed ogres
  A two-headed ogre (shapeshifter) (Vaults:5)
  16 dancing weapons
  3 deep troll shamans (Depths:1)
  18 naga warriors
  7 tengu warriors
  11 deep troll earth magi
  3 orc high priests (Orc:2)
  20 death yaks
  A hell hog (Zot:2)
  4 spriggan berserkers
  3 vampire magi
  15 deep elf knights
  7 shock serpents
  10 naga sharpshooters
  6 skysharks
  Sonja (Lair:5)
  A sun demon (D:12)
  14 hell knights
  A titan skeleton (Elf:2)
  2 soul eaters (Depths:2)
  4 iron trolls (Depths:1)
  4 skeletal warriors (D:12)
  12 salamander mystics
  61 deep trolls
  A shadow demon (Depths:2)
  Lodul (D:11)
  A death drake (shapeshifter) (D:15)
  16 sea snakes
  4 glowing orange brains
  A flayed ghost (Depths:2)
  10 deep elf archers
  20 ironbound convokers
  13 wizards
  11 naga ritualists
  7 orc knights
  5 necromancers
  21 harpies
  13 lindwurms
  12 mana vipers
  2 phantasmal warriors
  32 deep elf zephyrmancers
  A tengu skeleton (Elf:2)
  4 fauns
  25 deep elf pyromancers
  8 orc sorcerers
  8 cyclopes
  A manticore (shapeshifter) (D:13)
  46 ugly things
  8 moths of wrath
  30 salamanders
  11 manticores
  An iron dragon skeleton (Elf:2)
  18 vault sentinels
  A water nymph (shapeshifter) (Vaults:4)
  14 merfolk sirens
  45 black mambas
  A torpor snail (Lair:5)
  4 ice statues
  A storm dragon simulacrum (Elf:2)
  25 naga magi
  2 molten gargoyles (Lair:5)
  2 water nymphs
  4 guardian serpents
  7 cane toads
  2 gargoyles
  7 freezing wraiths
  An unseen horror (D:11)
  Maggie (D:7)
  4 rime drakes (IceCv)
  2 unseen horror zombies (D:9)
  31 yaktaurs
  12 komodo dragons
  A kobold demonologist (Bailey)
  6 ice devils
  3 efreet
  A golden dragon simulacrum (Elf:2)
  8 tengu conjurers
  A red devil (Depths:4)
  8 trolls
  3 meliai (D:15)
  25 merfolk
  2 hornets
  3 polar bears
  2 wind drakes
  14 snapping turtles
  An iron dragon simulacrum (Elf:2)
  12 dream sheep
  A dream sheep (shapeshifter) (Vaults:5)
  15 blink frogs
  2 jumping spiders (shapeshifter)
  53 yaks
  A vampire (D:12)
  3 air elementals
  37 slime creatures
  A shadow (D:10)
  3 wraiths
  6 wyverns
  9 water elementals
  A ynoxinul (Depths:2)
  A human (shapeshifter) (D:13)
  7 basilisks
  2 fire elementals
  6 steam dragons
  A chaos spawn (Zot:2)
  6 vampire mosquitoes
  Menkaure (D:7)
  43 nagas
  4 wargs
  A warg (shapeshifter) (D:13)
  4 acid dragons
  18 water moccasins
  4 hell hounds (Lair:5)
  A floating eye (D:13)
  4 ice beasts
  41 orc warriors
  5 black bears
  A sky beast (D:6)
  16 ogres
  24 wolves
  5 centaurs
  2 phantoms
  An elf zombie (Ossuary)
  2 kobold brigands (D:9)
  A gnoll sergeant (Orc:2)
  3 necrophages (D:9)
  16 bullfrogs
  An earth elemental (Elf:2)
  2 scorpions (D:5)
  A two-headed ogre simulacrum (Lair:1)
  3 small abominations (Elf:2)
  11 wights (D:9)
  6 killer bees
  2 lindwurm simulacra (IceCv)
  An elephant simulacrum (Lair:1)
  4 howler monkeys
  3 electric eels
  5 lava snakes (Lair:5)
  A centaur zombie (D:9)
  9 jellies (Lair:5)
  12 orc priests
  4 human zombies
  12 komodo dragon simulacra (IceCv)
  2 hounds
  Jessica (D:2)
  Terence (D:2)
  4 hell rats (D:9)
  2 sleepcaps
  3 iguanas
  14 orc wizards
  Natasha (twice) (D:2)
  A polar bear simulacrum (Lair:1)
  A spriggan simulacrum (Lair:1)
  A wolf simulacrum (Lair:1)
  4 mummies
  A howler monkey zombie (D:9)
  4 acid dragon simulacra (IceCv)
  7 adders
  12 gnolls
  A river rat (D:9)
  A white imp (Lair:1)
  2 steam dragon simulacra (IceCv)
  An ufetubus (D:6)
  An adder zombie (Ossuary)
  2 dart slugs
  64 orcs
  8 ball pythons
  3 bats
  8 endoplasms
  4 giant cockroaches (D:2)
  16 hobgoblins
  2 quokkas (D:4)
  2 frilled lizards
  14 goblins
  A goblin zombie (Ossuary)
  10 hobgoblin zombies (Ossuary)
  A jackal zombie (Ossuary)
  15 kobolds
  10 kobold zombies (Ossuary)
  8 orc zombies (Ossuary)
  A rat (D:2)
  2 rat zombies (Ossuary)
1992 creatures vanquished.

Vanquished Creatures (others)
  A tentacled monstrosity (Zot:2)
  A sphinx (Depths:2)
  A fire giant (Vaults:5)
  A deep elf high priest (Elf:3)
  A vault guard (Vaults:5)
  A hydra (Lair:4)
  A dancing weapon (Elf:3)
  A two-headed ogre (D:12)
  A deep elf knight (Elf:3)
  2 deep elf archers
  A deep elf pyromancer (Elf:1)
  A deep elf zephyrmancer (Elf:1)
  2 black mambas
  A yaktaur (Vaults:5)
  A dream sheep (Shoals:3)
  A wyvern (Lair:5)
  A yak (D:11)
  A steam dragon (D:7)
  A golden eye (Zot:2)
  A naga (Snake:2)
  A howler monkey (D:7)
  A jelly (Lair:5)
  An orc priest (Orc:2)
  An orc wizard (Orc:2)
  A steam dragon simulacrum (IceCv)
  A kobold (D:9)
  25 fungi
  117 plants
170 creatures vanquished.

Grand Total: 2162 creatures vanquished

Notes
Turn   | Place    | Note
-------+----------+-------------------------------------------
     0 | D:5      | Monkooky the Vampire Delver began the quest for the Orb.
     0 | D:5      | Reached XP level 1. HP: 17/17 MP: 1/1
    37 | D:5      | Noticed an orc priest
    42 | D:5      | Noticed a scorpion
    79 | D:4      | Reached XP level 2. HP: 23/23 MP: 2/2
   266 | D:4      | Reached skill level 1 in Unarmed Combat
   408 | D:4      | Found a sand-covered staircase.
   416 | Ossuary  | Entered an ossuary
   556 | Ossuary  | Gained mutation: You are afflicted with vampirism and can
                  | become a bat while bloodless. [Vampire growth]
   556 | Ossuary  | Reached XP level 3. HP: 22/28 MP: 3/3
   562 | Ossuary  | Reached skill level 2 in Unarmed Combat
   683 | Ossuary  | Reached skill level 3 in Unarmed Combat
   700 | Ossuary  | Reached XP level 4. HP: 28/34 MP: 4/4
   975 | Ossuary  | Reached skill level 4 in Unarmed Combat
   975 | Ossuary  | Reached XP level 5. HP: 18/40 MP: 5/5
  1078 | Ossuary  | Reached skill level 5 in Unarmed Combat
  1249 | D:4      | Reached skill level 6 in Unarmed Combat
  1400 | D:4      | Reached XP level 6. HP: 46/46 MP: 6/6
  1965 | D:2      | Noticed Jessica
  1974 | D:2      | Killed Jessica
  2622 | D:2      | Noticed Terence
  2638 | D:2      | Killed Terence
  2755 | D:2      | Found an iron altar of Okawaru.
  2808 | D:2      | Identified the amulet of Omuedwadgh {Rampage rElec Regen+
                  | Str-3 Int+5}
  2836 | D:2      | Noticed Natasha
  2838 | D:2      | Killed Natasha
  2839 | D:2      | Reached skill level 7 in Unarmed Combat
  3016 | D:2      | Noticed Natasha
  3024 | D:2      | Killed Natasha
  3761 | D:3      | Found a sacrificial altar of Ru.
  3769 | D:3      | Became a worshipper of Ru the Awakened
  3976 | D:4      | Reached XP level 7. HP: 51/51 MP: 7/7
  3990 | D:4      | Reached skill level 8 in Unarmed Combat
  4067 | D:5      | Reached skill level 9 in Unarmed Combat
  4251 | D:5      | Reached XP level 8. HP: 57/57 MP: 8/8
  4257 | D:5      | Reached skill level 10 in Unarmed Combat
  4761 | D:5      | Gained mutation: You occasionally lose the ability to drink
                  | potions when taking damage. [Ru sacrifice]
  4761 | D:5      | Gained mutation: You sometimes lose the ability to drink
                  | potions when taking damage. [Ru sacrifice]
  4761 | D:5      | Reached * piety under Ru
  4871 | D:5      | Found an opulent altar of Gozag.
  4871 | D:5      | Found a burning altar of Makhleb.
  4883 | D:5      | Found a hide-covered altar of Uskayaw.
  5000 | D:6      | Found a staircase to the Ecumenical Temple.
  5331 | D:6      | Reached skill level 5 in Dodging
  5669 | D:6      | Reached XP level 9. HP: 63/63 MP: 9/9
  5677 | D:7      | Noticed Maggie
  5760 | D:7      | Found a runed translucent gate.
  5760 | D:7      | Found a runed translucent gate.
  5760 | D:7      | Found a runed translucent gate.
  5765 | D:7      | Noticed demibob's ghost (novice DsGl)
  5821 | D:7      | Noticed Menkaure
  5826 | D:7      | Killed Maggie
  5827 | D:7      | Reached skill level 11 in Unarmed Combat
  5856 | D:7      | Killed Menkaure
  6413 | D:8      | Reached skill level 12 in Unarmed Combat
  6527 | D:8      | Gained mutation: Potions are less effective at restoring
                  | your health. [Ru sacrifice]
  6527 | D:8      | Reached ** piety under Ru
  6540 | D:7      | Reached skill level 5 in Fighting
  6574 | D:8      | Reached XP level 10. HP: 71/74 MP: 10/10
  6695 | D:8      | Found a flagged portal.
  6713 | Bailey   | Entered a bailey
  6765 | Bailey   | Noticed an orc knight
  6783 | Bailey   | Killed an orc knight
  6784 | Bailey   | Reached skill level 13 in Unarmed Combat
  6942 | Bailey   | Noticed an orc sorcerer
  7088 | Bailey   | Killed an orc sorcerer
  7089 | Bailey   | Reached skill level 14 in Unarmed Combat
  7099 | Bailey   | Found an iron altar of Okawaru.
  7921 | D:9      | Noticed a two-headed ogre
  7937 | D:9      | Killed a two-headed ogre
  7938 | D:9      | Reached XP level 11. HP: 67/84 MP: 11/11
  7938 | D:9      | Reached skill level 17 in Unarmed Combat
  7938 | D:9      | Reached XP level 12. HP: 72/91 MP: 12/12
  7967 | D:9      | Noticed a death yak
  7968 | D:9      | Found a staircase to the Lair.
  7986 | D:9      | Killed a death yak
  8014 | D:9      | Noticed a death yak
  8031 | D:9      | Noticed a death yak
  8036 | D:9      | Killed a death yak
  8050 | D:9      | Killed a death yak
  8191 | D:9      | Found a basalt altar of Yredelemnul.
  8253 | D:9      | Reached skill level 18 in Unarmed Combat
  8419 | D:10     | Entered Level 10 of the Dungeon
  8590 | D:10     | Gained mutation: You are missing a hand. [Ru sacrifice]
  8590 | D:10     | Reached *** piety under Ru
  8590 | D:10     | Reached **** piety under Ru
  8738 | D:10     | Reached skill level 1 in Armour
  9241 | D:11     | Found a staircase to the Orcish Mines.
  9458 | D:11     | Found Fatwaiq's Fire Supplies.
  9565 | D:11     | Found Jiczeitzez's Tremendous Tomes.
  9619 | D:11     | Noticed Lodul
  9677 | D:11     | Killed Lodul
  9862 | D:12     | Noticed a two-headed ogre
  9940 | D:11     | Acquired 1203 gold pieces
  9942 | D:11     | Bought the Guide on Sculpting and Grit for 1144 gold pieces
  9945 | D:11     | Learned a level 2 spell: Passwall
  9952 | D:11     | Learned a level 6 spell: Statue Form
  9978 | D:12     | Killed a two-headed ogre
 10028 | Lair:1   | Entered Level 1 of the Lair of Beasts
 10063 | D:9      | Reached skill level 1 in Transmutations
 10072 | D:9      | Reached XP level 13. HP: 88/100 MP: 7/13
 10137 | D:9      | Reached skill level 1 in Earth Magic
 10186 | Lair:1   | Reached skill level 1 in Spellcasting
 10474 | Lair:1   | Found a runed translucent door.
 10475 | Lair:1   | Found a shimmering altar of Xom.
 10475 | Lair:1   | Noticed Akefehecvi's ghost (journeyman OpDe)
 10584 | Lair:1   | Found a frozen archway.
 10601 | IceCv    | Entered an ice cave
 10790 | IceCv    | Noticed a white draconian
 10810 | IceCv    | Killed a white draconian
 10834 | IceCv    | Identified the ring of Biqav {rPois rN+ MP+9 Slay+3}
 11018 | IceCv    | Gained mutation: You are hated by all. [Ru sacrifice]
 11018 | IceCv    | Reached ***** piety under Ru
 11026 | IceCv    | Reached skill level 5 in Transmutations
 12334 | Lair:2   | Found a staircase to the Shoals.
 12618 | Lair:3   | Found a staircase to the Snake Pit.
 12790 | Lair:3   | Found a stormy altar of Qazlal.
 12840 | Lair:3   | Identified the +0 leather armour of Decompression {Int+6}
 12918 | Lair:3   | Gained mutation: You cannot be stealthy. [Ru sacrifice]
 12918 | Lair:3   | Reached ****** piety under Ru
 13114 | Lair:3   | Reached skill level 5 in Earth Magic
 13786 | Lair:4   | Reached skill level 5 in Spellcasting
 13831 | Lair:4   | Found a staircase to the Slime Pits.
 13842 | Lair:4   | Reached XP level 14. HP: 79/106 MP: 21/21
 14374 | Lair:4   | Learned a level 3 spell: Vhi's Electric Charge
 14953 | Lair:5   | Entered Level 5 of the Lair of Beasts
 15051 | Lair:5   | Found a sparkling altar of Nemelex Xobeh.
 15063 | Lair:5   | Reached skill level 10 in Transmutations
 15285 | Lair:5   | Noticed Sonja
 15285 | Lair:5   | Noticed Rupert
 15289 | Lair:5   | Killed Sonja
 15295 | Lair:5   | Killed Rupert
 15427 | Lair:5   | Reached skill level 1 in Evocations
 15638 | Lair:5   | Noticed an azure jelly
 15638 | Lair:5   | Noticed an azure jelly
 15638 | Lair:5   | Noticed an azure jelly
 15641 | Lair:5   | Noticed a quicksilver ooze
 15644 | Lair:5   | Killed an azure jelly
 15809 | Lair:5   | Identified the +3 ring mail of Conaq {rPois rC+ Will-}
 15896 | Lair:5   | Noticed an azure jelly
 15906 | Lair:5   | Killed an azure jelly
 15959 | Lair:5   | Paralysed by a great orb of eyes for 3 turns
 16021 | Lair:5   | Killed an azure jelly
 16121 | Lair:5   | Killed an azure jelly
 16510 | Lair:5   | Reached XP level 15. HP: 102/112 MP: 25/25
 16728 | Lair:5   | Found a large runed translucent door.
 16855 | Lair:5   | Found a large runed translucent door.
 18087 | D:12     | Reached skill level 1 in Air Magic
 18157 | D:12     | Learned a level 5 spell: Yara's Violent Unravelling
 18165 | D:12     | Learned a level 7 spell: Dragon Form
 18469 | D:13     | Found Ejulatul's Book Shoppe.
 18480 | D:13     | Upgraded the game from 0.30-a0-845-g7c6808c8ce to
                  | 0.30-a0-847-g17996783a1
 18519 | D:13     | Reached skill level 1 in Translocations
 18744 | D:13     | Found a gate to the Vaults.
 19028 | D:13     | Noticed a fenstrider witch
 19036 | D:13     | Killed a fenstrider witch
 19037 | D:13     | Reached skill level 5 in Air Magic
 19264 | Orc:1    | Entered Level 1 of the Orcish Mines
 19264 | Orc:1    | Found Zixt's Jewellery Emporium.
 19906 | Orc:1    | Bought a +6 ring of intelligence for 504 gold pieces
 19916 | Orc:2    | Entered Level 2 of the Orcish Mines
 19916 | Orc:2    | Found a staircase to the Elven Halls.
 20194 | Orc:2    | Found Wyanesock's Armour Boutique.
 20194 | Orc:2    | Found Uheofy's General Store.
 20196 | Orc:2    | Found Jaenysm's Magic Scroll Boutique.
 20196 | Orc:2    | Found Feptovua's Armour Shoppe.
 20211 | Orc:2    | Bought a scroll of blinking for 82 gold pieces
 20214 | Orc:2    | Bought 2 potions of ambrosia for 192 gold pieces
 20217 | Orc:2    | Bought a scroll of immolation for 44 gold pieces
 20969 | Snake:1  | Entered Level 1 of the Snake Pit
 21360 | Snake:1  | Reached skill level 15 in Transmutations
 21467 | Snake:1  | Noticed Jorgrun
 21474 | Snake:1  | Killed Jorgrun
 21475 | Snake:1  | Reached XP level 16. HP: 112/112 MP: 18/27
 21827 | Orc:2    | Bought a +0 helmet of see invisible for 149 gold pieces
 21834 | Orc:2    | Bought a +0 cloak for 54 gold pieces
 22350 | Snake:1  | Identified the +10 great sword of Departure {venom, rN+}
 22489 | Snake:1  | Identified the +1 broad axe of Pandemonium {protect,
                  | Fragile rF+ rN+}
 22746 | Snake:2  | Reached skill level 19 in Unarmed Combat
 23542 | Snake:2  | Reached skill level 10 in Fighting
 23724 | Snake:2  | Noticed Vashnia
 23734 | Snake:2  | Killed Vashnia
 23872 | Snake:2  | You fall into a shaft and drop 1 floor!
 24054 | Snake:3  | Reached skill level 20 in Unarmed Combat
 24844 | Snake:3  | Reached XP level 17. HP: 129/129 MP: 4/28
 25443 | Snake:3  | Found a runed translucent gate.
 25443 | Snake:3  | Found a runed translucent gate.
 25443 | Snake:3  | Found a runed translucent gate.
 25445 | Snake:3  | Noticed Qofeek's ghost (adept OpVM)
 25655 | Snake:3  | Killed Qofeek's ghost
 25657 | Snake:3  | Identified the ring of Jizije {Wiz rElec rN+ Dex-5}
 25960 | Snake:4  | Entered Level 4 of the Snake Pit
 26259 | Snake:4  | Reached skill level 21 in Unarmed Combat
 26262 | Snake:4  | Noticed Mlioglotl
 26265 | Snake:4  | Killed Mlioglotl
 26561 | Snake:4  | Noticed Aizul
 26568 | Snake:4  | Killed Aizul
 26923 | Snake:4  | Reached skill level 22 in Unarmed Combat
 27089 | Snake:4  | Found Upribiath's Book Shop.
 27090 | Snake:4  | Found Laotejana's Jewellery Shoppe.
 27090 | Snake:4  | Found Simofey's Jewellery Shoppe.
 27098 | Snake:4  | Bought a book of Alchemy for 504 gold pieces
 27098 | Snake:4  | Bought a book of Blood for 504 gold pieces
 27101 | Snake:4  | Learned a level 2 spell: Wereblood
 27107 | Snake:4  | Learned a level 5 spell: Irradiate
 27252 | Snake:4  | Got a serpentine rune of Zot
 27834 | Shoals:1 | Entered Level 1 of the Shoals
 28487 | Shoals:1 | You are sucked into a shaft and drop 1 floor!
 28487 | Shoals:2 | Found Cityocel's Self-Improvement Boutique.
 28496 | Shoals:2 | Reached XP level 18. HP: 140/140 MP: 14/29
 29331 | Shoals:1 | Found Wysaen Komn's Jewellery Shoppe.
 30139 | Shoals:3 | Noticed Ilsuiw
 30162 | Shoals:3 | Killed Ilsuiw
 30278 | Shoals:3 | Reached skill level 23 in Unarmed Combat
 30786 | Shoals:4 | Entered Level 4 of the Shoals
 31444 | Shoals:4 | Found Narufutu's Gadget Gallery.
 32010 | Shoals:4 | Reached skill level 24 in Unarmed Combat
 32258 | Shoals:4 | Found Xadirot's Book Shop.
 32386 | Shoals:4 | Got a barnacled rune of Zot
 32700 | Elf:1    | Entered Level 1 of the Elven Halls
 33726 | Elf:1    | Reached XP level 19. HP: 151/151 MP: 28/30
 33965 | Elf:1    | Got Fieduza's Quarto of Blasting and the Congregation
 34296 | Elf:2    | Found a transporter.
 34351 | Elf:2    | Found a transporter.
 34501 | Elf:2    | Paralysed by an air elemental for 1 turns
 34673 | Elf:2    | Found Vazut's Weapon Emporium.
 34741 | Elf:2    | Reached skill level 25 in Unarmed Combat
 34773 | Elf:2    | Found a runed translucent gate.
 34774 | Elf:2    | Found a runed translucent gate.
 34774 | Elf:2    | Found a runed translucent gate.
 34844 | Elf:2    | Found a bloodstained altar of Trog.
 34844 | Elf:2    | Noticed sirJeffrey23's ghost (journeyman DrEE)
 34925 | Elf:2    | Noticed a bone dragon
 34936 | Elf:2    | Killed a bone dragon
 34990 | Elf:2    | Got the Catalogue of Zombies
 35214 | Elf:3    | Entered Level 3 of the Elven Halls
 35344 | Elf:3    | Noticed Bai Suzhen
 35355 | Elf:3    | Killed Bai Suzhen
 35362 | Elf:3    | Reached skill level 15 in Fighting
 35366 | Elf:3    | Noticed Nikola
 35401 | Elf:3    | Killed Nikola
 35629 | Elf:3    | Identified the +0 rapier of Fues {freeze, rCorr Str+2}
 35732 | Elf:3    | Noticed Saint Roka
 35751 | Elf:3    | Killed Saint Roka
 36157 | Elf:3    | Reached skill level 5 in Evocations
 36195 | Elf:3    | Identified the +9 flail of Beogh's Approval {freeze, Str+2}
 36210 | Elf:3    | Identified the +6 demon trident "Nacor" {drain, rF+ rCorr
                  | Int-4}
 36240 | Elf:3    | Identified the +2 ring mail "Esar" {rElec Int+3 Dex+2}
 36402 | Elf:3    | Identified the +0 robe "Lesetwek" {Rampage rCorr}
 36431 | Elf:3    | Got the Elucidation of Puissant Topology
 36522 | Elf:3    | Identified the +4 long sword "Netyriex" {heavy, Str+5}
 36543 | Elf:3    | Got Sif Muna's Folio of the Winter and Scree
 36960 | Shoals:2 | Bought a manual of Fighting for 1360 gold pieces
 37252 | D:14     | Reached XP level 20. HP: 164/164 MP: 31/31
 37400 | D:14     | Found an iron altar of Okawaru.
 37747 | D:15     | Entered Level 15 of the Dungeon
 37790 | D:15     | Found a staircase to the Depths.
 37940 | D:15     | Found Keodaas's General Store.
 37941 | D:15     | Found a portal to a secret trove of treasure.
 37947 | D:15     | You paid a toll of 11 potions of heal wounds to enter a
                  | treasure trove
 37948 | Trove    | Entered a treasure trove
 37950 | Trove    | Found the ring of the Hare {EV+10}
 37962 | Trove    | Identified the ring "Degayph" {rCorr Str+4 Dex+3}
 37963 | Trove    | Identified the amulet of Ymiyp {rN+ Regen+}
 37965 | Trove    | Identified the ring of Temptation {rPois rF++ Will- rCorr
                  | MP+9}
 37966 | Trove    | Identified the ring of Salvation {Contam Fly rN+ Int+2
                  | Dex+2 Slay+3 Stlth+}
 37967 | Trove    | Identified the ring of Guufiala {MP+9 Dex+6 Stlth-}
 37970 | Trove    | Identified the ring of Elyvilon, Chewing {Fire *Slow rPois
                  | rN+ Stlth+}
 38572 | Vaults:1 | Entered Level 1 of the Vaults
 39614 | Vaults:1 | Reached skill level 10 in Air Magic
 40380 | Vaults:2 | Reached XP level 21. HP: 173/173 MP: 22/34
 40389 | Vaults:2 | Reached skill level 10 in Spellcasting
 40398 | Vaults:2 | Learned a level 7 spell: Storm Form
 42326 | Vaults:3 | Found a staircase to the Crypt.
 42326 | Vaults:3 | Found an ancient bone altar of Kikubaaqudgha.
 43108 | Vaults:4 | Reached skill level 10 in Dodging
 43895 | Vaults:4 | Found Cishetel's Jewellery Shoppe.
 44080 | Vaults:5 | Entered Level 5 of the Vaults
 44146 | Vaults:5 | Reached XP level 22. HP: 148/185 MP: 36/36
 44208 | Vaults:5 | Noticed an ancient lich
 44231 | Vaults:5 | Killed an ancient lich
 44246 | Vaults:5 | Reached skill level 15 in Air Magic
 44508 | Vaults:5 | Noticed a dread lich
 44513 | Vaults:5 | Killed a dread lich
 44561 | Vaults:5 | Identified the amulet "Kuewkis" {Acrobat *Corrode Str+7
                  | Int+3}
 44782 | Vaults:5 | Identified the +0 pair of gloves of Usuit {Int+2}
 44914 | Vaults:5 | Got a silver rune of Zot
 44928 | Vaults:5 | Got the Secrets of Sparks
 45216 | Vaults:5 | Found the +8 autumn katana {manifold assault}
 45241 | Vaults:5 | Identified the +2 hand axe of the End of Times {freeze,
                  | *Slow rF+++ rCorr}
 45484 | Depths:1 | Entered Level 1 of the Depths
 45518 | Depths:1 | Reached XP level 23. HP: 195/195 MP: 33/37
 45802 | Depths:1 | Found a one-way gateway to a ziggurat.
 45943 | Depths:1 | Found a gateway to Hell.
 46408 | Depths:2 | Found a shadowy altar of Dithmenos.
 46892 | Depths:2 | Got the Discourse on Kinetic Energy and Transposition
 46933 | Depths:2 | Found a shimmering blue altar of Sif Muna.
 46992 | Depths:2 | Noticed a dread lich
 46993 | Depths:2 | Noticed a dread lich
 46998 | Depths:2 | Killed a dread lich
 46999 | Depths:2 | Killed a dread lich
 47004 | Depths:2 | Got the Elucidation of Points
 47064 | Depths:2 | Found a one-way gate leading to the halls of Pandemonium.
 47584 | Depths:4 | Entered Level 4 of the Depths
 47618 | Depths:4 | Found a one-way gate to the infinite horrors of the Abyss.
 47622 | Depths:4 | Noticed a caustic shrike
 47626 | Depths:4 | Killed a caustic shrike
 47629 | Depths:4 | Noticed a caustic shrike
 47632 | Depths:4 | Noticed a caustic shrike
 47632 | Depths:4 | Noticed a caustic shrike
 47636 | Depths:4 | Noticed a caustic shrike
 47637 | Depths:4 | Killed a caustic shrike
 47637 | Depths:4 | Noticed a caustic shrike
 47638 | Depths:4 | Killed a caustic shrike
 47638 | Depths:4 | Noticed a caustic shrike
 47638 | Depths:4 | Noticed a caustic shrike
 47639 | Depths:4 | Killed a caustic shrike
 47639 | Depths:4 | Killed a caustic shrike
 47643 | Depths:4 | Killed a caustic shrike
 47647 | Depths:4 | Killed a caustic shrike
 47649 | Depths:4 | Killed a caustic shrike
 47659 | Depths:4 | Reached XP level 24. HP: 185/199 MP: 25/37
 47961 | Depths:4 | Reached skill level 26 in Unarmed Combat
 47999 | Depths:4 | Found a sparkling altar of Nemelex Xobeh.
 48238 | Depths:4 | Found a gate to the Realm of Zot.
 48244 | Zot:1    | Entered Level 1 of the Realm of Zot
 48345 | Zot:2    | Reached skill level 27 in Unarmed Combat
 48351 | Zot:2    | Reached skill level 1 in Throwing
 48484 | Zot:4    | Reached skill level 5 in Throwing
 48558 | Zot:5    | Entered Level 5 of the Realm of Zot
 48768 | Zot:5    | Noticed an orb of fire
 48771 | Zot:5    | Gained mutation: Your spells are a little easier to cast,
                  | but a little less powerful. [an orb of fire]
 48774 | Zot:5    | Killed an orb of fire
 48932 | Zot:5    | Noticed an ancient lich
 48942 | Zot:5    | Killed an ancient lich
 48956 | Zot:5    | Noticed a Killer Klown
 48957 | Zot:5    | Noticed a dread lich
 48957 | Zot:5    | Noticed an orb of fire
 48957 | Zot:5    | Noticed an orb of fire
 48957 | Zot:5    | Noticed an orb of fire
 48957 | Zot:5    | Noticed an orb of fire
 48957 | Zot:5    | Noticed a Killer Klown
 48960 | Zot:5    | Gained mutation: Your body sometimes deteriorates upon
                  | taking damage. [an orb of fire]
 48961 | Zot:5    | Killed a Killer Klown
 48973 | Zot:5    | Noticed a Killer Klown
 48974 | Zot:5    | Noticed an orb of fire
 48977 | Zot:5    | Noticed an orb of fire
 48979 | Zot:5    | Got the Orb of Zot
 49205 | Depths:4 | Noticed Maso the pandemonium lord
 49400 | D:8      | Noticed Ruos the pandemonium lord
 49440 | D:6      | Noticed Tocvaz the pandemonium lord
 49510 | D:2      | Noticed Mufennor the pandemonium lord
 49569 | D:$      | Escaped with the Orb!

Illustrated notes

Levels and vault maps discovered:
D:1:      sevenhm_arrival_forest_fort_large_4, layout_rooms,
          grunt_decor_mini_mirrors
D:2:      layout_basic, basic_altar, uniq_terence, uniq_jessica, uniq_natasha
D:3:      layout_rooms, lemuel_round_altar
D:4:      layout_basic, nicolae_ossuary_entry_ruins
D:5:      layout_gridville, chequers_temple_overflow_minitemple,
          minmay_misc_feat_tiny, kennysheep_generic_room_5
D:6:      layout_gridville, minmay_temple_entry_ruins
D:7:      layout_cave_pools, gammafunk_ghost_nasty_kobolds, uniq_menkaure,
          uniq_maggie
D:8:      layout_rooms, enter_bailey_4, nicolae_figureground_pulse
D:9:      layout_loops_cross, lemuel_mausoleum_altar_yredelemnul,
          dpeg_lair_monsters
D:10:     layout_loops_cross, minivault_25_ag
D:11:     layout_rooms, david_orc_3, nicolae_shop_fire_sale
          [nicolae_sub_dead_trees], nicolae_shop_i_like_big_books, uniq_lodul
D:12:     layout_loops_ring
D:13:     hellmonk_paralyzer, layout_basic, lightli_vaults_fourway_checkpoint,
          serial_shops, shop
D:14:     layout_roguey, okawaru_trees_2
D:15:     hangedman_depths_entry_civil_slaughter, layout_rooms,
          chequers_serial_rivers_large_a, serial_shops, shop, enter_trove_0,
          lemuel_another_geyser
Lair:1:   dreamdust_isle_of_ice, layout_big_grid,
          portal_ice_cave_entry_pillars_1, ebering_ghost_xom,
          infiniplex_staircase_pool, grunt_megastairs_5
Lair:2:   layout_cave_pods, elwin_shoals_entry_stream
Lair:3:   layout_roguey, guppyfry_snake_entry_garden, basic_altar,
          minmay_shattered_shrine
Lair:4:   cheibrodos_lair_river_kwai, layout_cave_pods, slime_entry_1,
          grunt_megastairs_2
Lair:5:   cheibrodos_lair_end_hotspot, layout_long_grid, basic_altar,
          special_room [special_room_jelly], uniq_sonja, uniq_rupert
Shoals:1: layout_shoals, serial_shops, nicolae_shop_advertising_works
          [nicolae_subvault_shop_adworks], overgrown_tower
Shoals:2: layout_shoals, nicolae_shop_self_help
Shoals:3: layout_shoals, uniq_ilsuiw
Shoals:4: shoals_end_grunt_ice, layout_shoals, serial_shops, shop_coins,
          nicolae_shop_gadgets
Snake:1:  layout_onion, serial_bayou_ford_a, nicolae_snake_storage_room,
          uniq_jorgrun
Snake:2:  layout_layer_cave, uniq_vashnia
Snake:3:  cheibrodos_snake_lava_hold, layout_onion_interference,
          ebering_ghost_rock_garden, serial_bayou_shore_a
Snake:4:  johnstein_snake_rune_scales, layout_rooms, nicolae_snake_single_loop,
          hangedman_corner_corridor, minmay_shop_grove, serial_bayou_shore_b,
          uniq_aizul, uniq_mlioglotl
Orc:1:    layout_caves, serial_shops, shop
Orc:2:    grunt_orc_tribal_feast, layout_caves
Elf:1:    elf_arrival_001, layout_geoelf_diagonals, minmay_elf_sorcery
Elf:2:    nicolae_elf_blades_crystal_corner, layout_loops_corners, serial_shops,
          nicolae_shop_bloodbath_and_beyond, gammafunk_ghost_wrathful_warriors,
          glass_columns_a, hangedman_research_thanatology
Elf:3:    minmay_elf_hall_hex, layout_geoelf_diagonals, grunt_ministairs_7,
          uniq_nikola, uniq_saint_roka, uniq_bai_suzhen
Vaults:1: nicolae_vaults_inception_statues, grunt_vaults_bifocal,
          nicolae_vaults_triangles, hangedman_vaults_corner,
          nicolae_vaults_shelves_hall, v_misc_30, dpeg_vaults_monster_box,
          layout_vaults_omnigrid
Vaults:2: nicolae_vaults_alarming, v_misc_32, nicolae_vaults_little_ls,
          v_misc_3, vaults_room_boxed, nicolae_vaults_circle_grid_a,
          vaults_room_semicircle, v_misc_9, grunt_vaults_swirl,
          ontoclasm_vaults_shuriken, st_more_cells, vaults_room_semicircle,
          vaults_dpeg_encased_lava, layout_vaults_ring
Vaults:3: nicolae_vaults_what_the_h, nicolae_vaults_ring_of_whatevers, v_misc_5,
          ontoclasm_vaults_claustrophobia, v_pattern_3, nicolae_vaults_big_ls,
          v_misc_5, minmay_crypt_entry_necro_gods, v_misc_15,
          nicolae_vaults_disjoint_gnomons, nicolae_vaults_rhombus_6,
          ontoclasm_vaults_ring_square, v_misc_13, vaults_room_pool,
          v_alt_pattern_4, layout_vaults_maze_bifur
Vaults:4: nicolae_vaults_mini_display_case, grunt_vaults_twisty,
          hangedman_vaults_slither, grunt_vaults_funnel,
          ontoclasm_vaults_decontamination, v_misc_2, grunt_vaults_diagonal,
          nicolae_vaults_border_crossing, vaults_room_semicircle,
          vaults_room_hallway, layout_vaults_omnicross, serial_shops, shop
Vaults:5
Depths:1: layout_gridlike, enter_ziggurat_a, pf_hell_entry_tar_river,
          ice2_lemuel, kennysheep_random_hallway
Depths:2: evilmike_library_of_no_secrets, layout_basic, hell_entry,
          rand_demon_pan_entry_7, nicolae_dithmenos_the_darkroom,
          minmay_variable_closet, kennysheep_four_rooms
Depths:3: nicolae_terramorphic_expanse [nicolae_terramorphic_quarter,
          nicolae_terramorphic_quarter, nicolae_terramorphic_quarter,
          nicolae_terramorphic_quarter, nicolae_terramorphic_quarter,
          nicolae_terramorphic_biome, nicolae_terramorphic_biome,
          nicolae_terramorphic_biome, nicolae_terramorphic_biome],
          layout_gridlike, kennysheep_donut, hangedman_abyss_entry_splay,
          hell_entry, serial_corexii_hall, chequers_hall_statues_wall_a,
          corexii_hall_statues_u, corexii_hall_statues_x,
          chequers_hall_statues_wall_a, chequers_hall_statues_corner_a,
          corexii_hall_statues_i
Depths:4: evilmike_zot_entry_gauntlet, layout_cave_pools, abyss_entry_glasseish,
          hell_entry, patterned_corridor, nemelex_spade_bored_becter
Zot:1:    kennysheep_oblong_rooms, layout_twisted_circle,
          hangedman_spider_trapstep
Zot:2:    gammafunk_sealed_library, layout_misc_corridors, grunt_megastairs_4
Zot:3:    layout_gridlike, bh_zot_levy_curve
Zot:4:    layout_cellular_growth, nicolae_lava_and_water
Zot:5:    layout_twisted_circle

Skill      XL: |  1  2  3  4  5  6  7  8  9 10 11 12 13 14 15 16 17 18 19 20 21 22 23 24 |
---------------+-------------------------------------------------------------------------+-----
Unarmed Combat | 1 3 4 6 7 9 10 12 14 17 18 20 22 24 25 27 | 27.0
Dodging        | 7 9 11 14 | 14.4
Fighting       | 3 5 7 8 10 12 13 15 16 19 | 19.6
Armour         | 4 |  4.7
Transmutations | 1 8 11 15 16 18 20 | 20.8
Earth Magic    | 5 7 8 |  8.1
Spellcasting   | 5 7 9 10 | 10.0
Stealth        | 0 |  0.0
Evocations     | 4 8 |  8.0
Air Magic      | 5 11 13 17 18 | 18.8
Translocations | 2 |  2.9
Throwing       | 6 |  6.0
Short Blades   | |  2.5

Action                     |  1- 3 |  4- 6 |  7- 9 | 10-12 | 13-15 | 16-18 | 19-21 | 22-24 || total
---------------------------+-------+-------+-------+-------+-------+-------+-------+-------++-------
  Melee: Short sword       |   124 |    39 |       |       |       |       |       |       ||   163
         Bite              |    18 |    30 |    41 |    85 |   175 |   103 |    93 |       ||   545
         Punch             |     1 |    13 |    23 |    44 |       |       |       |       ||    81
         Unarmed           |       |   271 |   299 |   701 |  1137 |   791 |   865 |   714 ||  4778
         Tailslap          |       |       |       |       |    15 |   113 |   106 |       ||   234
         Staff             |       |       |       |       |       |       |     1 |     1 ||     2
  Throw: Dart              |       |       |       |    26 |    27 |       |       |       ||    53
         Boomerang         |       |       |       |     2 |       |       |       |       ||     2
   Cast: Vhi's Electric Ch |       |       |       |       |    36 |   216 |   147 |   169 ||   568
         Statue Form       |       |       |       |       |    11 |    10 |    11 |       ||    32
         Dragon Form       |       |       |       |       |     7 |    77 |    39 |       ||   123
         Wereblood         |       |       |       |       |       |     2 |    28 |    26 ||    56
         Irradiate         |       |       |       |       |       |     1 |       |     1 ||     2
         Yara's Violent Un |       |       |       |       |       |       |     4 |     4 ||     8
         Storm Form        |       |       |       |       |       |       |    19 |    38 ||    57
 Invoke: Sacrifice Drink   |       |       |     1 |       |       |       |       |       ||     1
         Sacrifice Purity  |       |       |     1 |       |       |       |       |       ||     1
         Power Leap        |       |       |       |     1 |     6 |       |       |       ||     7
         Sacrifice a Hand  |       |       |       |     1 |       |       |       |       ||     1
         Sacrifice Stealth |       |       |       |       |     1 |       |       |       ||     1
         Sacrifice Love    |       |       |       |       |     1 |       |       |       ||     1
         Apocalypse        |       |       |       |       |    11 |     2 |     1 |     4 ||    18
Ability: Breathe Fire      |       |       |       |       |     3 |     7 |     9 |       ||    19
         End Transformatio |       |       |       |       |       |       |     2 |       ||     2
         Blinkbolt         |       |       |       |       |       |       |    17 |    36 ||    53
  Evoke: Wand              |       |       |    16 |     2 |    11 |     2 |       |     5 ||    36
         Phial of floods   |       |       |       |       |       |       |     1 |       ||     1
    Use: Scroll            |       |       |    17 |     7 |    11 |     6 |     3 |    10 ||    54
         Potion            |       |       |       |     1 |       |       |       |     5 ||     6
   Stab: Sleeping          |     6 |    21 |     8 |    15 |     5 |       |       |       ||    55
         Distracted        |       |     1 |       |     5 |     5 |     5 |     1 |     1 ||    18
         Invisible         |       |       |       |     5 |    13 |    11 |     6 |     3 ||    38
         Paralysed         |       |       |       |       |    31 |    10 |     9 |    10 ||    60
         Held in net/web   |       |       |       |       |       |       |       |     1 ||     1
 Armour: Ring mail         |    43 |    65 |    95 |    54 |   186 |       |       |       ||   443
         Acid dragon scale |       |       |       |    18 |       |       |       |       ||    18
         Skin              |       |       |       |       |    36 |   140 |   172 |    69 ||   417
         Steam dragon scal |       |       |       |       |     7 |       |       |       ||     7
         Leather armour    |       |       |       |       |     1 |     3 |     5 |     1 ||    10
  Dodge: Dodged            |    43 |   123 |   321 |   386 |   592 |   334 |   459 |   468 ||  2726

Table legend: (Time is in decaauts)
 A = Elapsed time spent in this place.
 B = Non-inter-level travel time spent in this place.
 C = Inter-level travel time spent in this place.
 D = Time resting spent in this place.
 E = Time spent auto-exploring this place.
 F = Levels seen in this place.
 G = Mean time per level.
                   A        B        C        D        E       F      G
               +--------+--------+--------+--------+--------+-----+--------+
         Total |  49147 |  44522 |   4625 |   2820 |  30962 |  51 |  963.7 |
       Dungeon |  12950 |  11109 |   1841 |    235 |   7639 |  15 |  863.3 |
          Lair |   7048 |   6143 |    905 |    438 |   4006 |   5 | 1409.6 |
        Shoals |   4947 |   4639 |    308 |    588 |   3468 |   4 | 1236.8 |
     Snake Pit |   6354 |   6148 |    206 |    783 |   4416 |   4 | 1588.5 |
  Orcish Mines |   1517 |   1285 |    232 |      6 |   1078 |   2 |  758.5 |
   Elven Halls |   4825 |   4342 |    483 |    191 |   3344 |   3 | 1608.3 |
        Vaults |   6147 |   5703 |    444 |    406 |   4145 |   5 | 1229.4 |
        Depths |   2792 |   2620 |    172 |     13 |   2080 |   4 |  698.0 |
           Zot |    785 |    754 |     31 |     37 |    353 |   5 |  157.0 |
         Trove |     93 |     93 |      0 |      0 |     12 |   1 |   93.0 |
       Ossuary |    708 |    708 |      0 |     80 |    171 |   1 |  708.0 |
        Bailey |    483 |    483 |      0 |     16 |    107 |   1 |  483.0 |
      Ice Cave |    491 |    491 |      0 |     25 |    140 |   1 |  491.0 |
               +--------+--------+--------+--------+--------+-----+--------+

Top non-repeatable levels by time:
  Lair:5: 2231 daAuts
 Snake:2: 2081 daAuts
   Elf:1: 1970 daAuts
 Snake:4: 1723 daAuts
   Elf:3: 1520 daAuts
Shoals:3: 1442 daAuts
Shoals:4: 1365 daAuts
 Snake:1: 1360 daAuts
   Elf:2: 1334 daAuts
  Lair:3: 1324 daAuts
Vaults:1: 1318 daAuts
Vaults:3: 1284 daAuts
Vaults:2: 1283 daAuts
    D:11: 1257 daAuts
  Lair:4: 1245 daAuts
